 Dungeon Crawl Stone Soup version 0.19-a0-791-g6e182cc (webtiles) character file.

2757 Laraso the Destroyer (level 9, -2/68 HPs)
             Began as a Naga Venom Mage on June 27, 2016.
             Was a Follower of Sif Muna.
             Slain by a phantom (4 damage)
             ... on level 7 of the Dungeon.
             The game lasted 00:20:21 (7640 turns).

Laraso the Destroyer (Naga Venom Mage)              Turns: 7640, Time: 00:20:21

Health: -2/68      AC: 10    Str: 11    XL:     9   Next: 69%
Magic:  8/15       EV: 10    Int: 18    God:    Sif Muna [*.....]
Gold:   261        SH:  0    Dex: 12    Spells: 4 memorised, 3 levels left

rFire  . . .     SeeInvis +     b - +1 morningstar (protect)
rCold  . . .     Gourm    .     l - +0 robe
rNeg   . . .     Faith    .     (no shield)
rPois  +         Spirit   .     r - +0 helmet
rElec  .         Dismiss  .     (no cloak)
rCorr  .         Reflect  .     (no gloves)
SustAt .         Harm     .     (no barding)
MR     +....                    k - amulet of magic regeneration
Stlth  +++.......               (no ring)
                                v - ring of stealth

@: very slow, somewhat resistant to hostile enchantments, fairly stealthy
A: see invisible, deformed body, poison resistance, slowness 2, slow metabolism
1, spit poison 2, AC +3
a: Spit Poison, Channel Energy, Renounce Religion


You were on level 7 of the Dungeon.
You worshipped Sif Muna.
Sif Muna was aware of your devotion.
You were not hungry.

You visited 2 branches of the dungeon, and saw 8 of its levels.

You collected 261 gold pieces.

Inventory:

Hand Weapons
 b - a +1 morningstar of protection (weapon)
Armour
 l - a +0 robe (worn)
 r - a +0 helmet (worn)
Magical Staves
 a - an uncursed staff of conjuration
Jewellery
 i - an uncursed ring of ice
 k - an amulet of magic regeneration (around neck)
 v - a ring of stealth (left hand)
Wands
 q - a wand of iceblast (7/15)
Scrolls
 d - 3 scrolls of remove curse
 g - 2 scrolls of fear
 w - a scroll of teleportation
Books
 m - a Young Poisoner's Handbook

   Spells                             Type                      Level
   a - Sting                          Conjuration/Poison           1
   b - Mephitic Cloud                 Conjuration/Poison/Air       3
   c - Olgreb's Toxic Radiance        Poison                       4
   d - Alistair's Intoxication        Transmutation/Poison         5
   e - Venom Bolt                     Conjuration/Poison           5
Comestibles
 c - 4 bread rations
 t - a fruit


   Skills:
 - Level 1.5 Dodging
 - Level 3.0 Stealth
 - Level 4.2 Spellcasting
 * Level 11.7 Conjurations
 - Level 6.4 Poison Magic


You had 3 spell levels left.
You knew the following spells:

 Your Spells              Type           Power        Failure   Level  Hunger
a - Sting                 Conj/Pois      ####         1%          1    None
b - Mephitic Cloud        Conj/Pois/Air  ####....     3%          3    ###....
c - Olgreb's Toxic Radia  Pois           ####....     14%         4    ####...
v - Venom Bolt            Conj/Pois      #####.....   12%         5    ######.


Dungeon Overview and Level Annotations

Branches:
Dungeon (7/15)             Temple (1/1) D:7

Altars:
Ashenzari
Cheibriados
Elyvilon
Gozag
Hepliaklqana
Nemelex Xobeh
Okawaru
Pakellas
Sif Muna
Uskayaw
Xom
Yredelemnul
Zin

Shops:
D:6 %   D:7 %

Annotations:
D:5 1 runed door


Innate Abilities, Weirdness & Mutations

You cannot wear boots.
Your serpentine skin is tough. (AC +3)
You have supernaturally acute eyesight. (SInv)
Armour fits poorly on your strangely shaped body.
Your system is resistant to poisons. (rPois)
You cover ground very slowly.
You have a slow metabolism.
You can spit poison.


Message History

The crimson imp hits you.
* * * LOW HITPOINT WARNING * * *
You take 1 damage, and have 14/68 hp.
You barely miss the crimson imp. The crimson imp barely misses you.
You thump the crimson imp!
You kill the crimson imp!
The phantom hits you but does no damage.
You closely miss the phantom. The phantom hits you.
* * * LOW HITPOINT WARNING * * *
The phantom blinks!
You take 3 damage, and have 12/68 hp.
Okay, then.
Okay, then.
Items here: ( )) [ a quarterstaff; a hunting sling; 14 sling bullets; a ring mail
Items here: ( )) [ a quarterstaff; a hunting sling; 14 sling bullets; a ring mail
Okay, then.
The phantom blinks!
An orc comes into view.
An orc priest comes into view. It is wielding a short sword.
The orc priest shouts!
You sock the orc!
You kill the orc!
An orc wizard comes into view. It is wielding a dagger.
You begin to radiate toxic energy.
The orc wizard shouts!
The orc wizard is poisoned.
The orc priest is poisoned.
An orc comes into view. It is wielding a flail.
Unknown command.
Unknown command.
You now have 11/15 mp.
Unknown command.
Unknown command.
Okay, then.
The orc wizard looks even sicker.
The orc is poisoned.
The orc priest invokes the aid of Beogh against you.
Beogh smites you!
* * * LOW HITPOINT WARNING * * *
You see here an orc corpse.
You take 15 damage, and have 1/68 hp.
MASSIVE DAMAGE!!
Unknown command.
Unknown command.
Aim: an orc priest, wielding a short sword (heavily wounded, poisoned)
The bolt of poison hits the orc priest.
You kill the orc priest!
The bolt of poison hits the orc wizard.
You kill the orc wizard!
Your toxic aura wanes.
You now have 7/15 mp.
Unknown command.
Unknown command.
Unknown command.
The phantom closely misses you.
Unknown command.
You closely miss the orc.
You kill the orc!
The phantom hits you.
You die...

#.#.# #.# #.#.#
#.# #.#.######W#
#......).).#
#.########.# #.
#.# #.# # ...
..# #.# .#....
####
#.########......
#)...W@)))s.)...
#.######.[....#
#.# #...#.g..
#.# #p.......
#.. p.#...(..
### ..####...
.... #. #.@#
#.∩#


You could see a phantom, a scorpion and a goblin (wandering).

Vanquished Creatures
  Pikel (D:7)
  Joseph (D:7)
  Grinder (D:6)
  Menkaure (D:5)
  An orc warrior (D:6)
  4 slaves (D:7)
  An ice beast (D:5)
  A phantom (D:6)
  2 ogres
  5 centaurs
  A water moccasin skeleton (D:7)
  A wyvern skeleton (D:7)
  A scorpion (D:6)
  A wight (Temple)
  A giant frog zombie (D:6)
  2 howler monkeys
  3 crimson imps
  3 orc priests
  3 orc wizards
  2 hounds
  3 worker ants
  An iguana (D:6)
  The ghost of SaltyNutz the Slasher, a weakling DsGl of Okawaru (D:5)
  5 adders
  A shadow imp (D:6)
  3 oozes
  An adder skeleton (D:5)
  4 worms
  A dart slug (D:2)
  5 giant geckos
  24 orcs
  4 giant cockroaches
  11 goblins
  9 hobgoblins
  9 jackals
  5 kobolds
  2 quokkas
  3 ball pythons
  16 bats
  A giant gecko zombie (D:6)
  11 giant newts
  11 rats
167 creatures vanquished.

Notes
Turn   | Place    | Note
--------------------------------------------------------------
     0 | D:1      | Laraso the Naga Venom Mage began the quest for the Orb.
     0 | D:1      | Reached XP level 1. HP: 15/15 MP: 3/3
   145 | D:1      | HP: 6/15 [hobgoblin/club (2)]
   415 | D:1      | Reached XP level 2. HP: 22/22 MP: 3/5
   707 | D:1      | Reached skill level 3 in Spellcasting
   829 | D:1      | Reached XP level 3. HP: 28/28 MP: 1/7
   841 | D:1      | Learned a level 3 spell: Mephitic Cloud
   986 | D:2      | Found a glowing silver altar of Zin.
  1662 | D:2      | Found a snail-covered altar of Cheibriados.
  2172 | D:2      | HP: 11/28 [orc/hand axe (3)]
  2398 | D:3      | Reached skill level 4 in Spellcasting
  2398 | D:3      | Reached XP level 4. HP: 36/36 MP: 5/10
  2413 | D:3      | Learned a level 4 spell: Olgreb's Toxic Radiance
  2475 | D:3      | HP: 14/36 [orc/trident (5)]
  2717 | D:3      | Reached skill level 1 in Conjurations
  2828 | D:3      | Reached XP level 5. HP: 42/42 MP: 8/11
  2894 | D:3      | Reached skill level 2 in Conjurations
  2900 | D:3      | HP: 16/42 [poisoned by an adder]
  2906 | D:3      | HP: 15/42 [poisoned by an adder]
  2914 | D:3      | HP: 14/42 [poisoned by an adder]
  4006 | D:4      | Reached skill level 6 in Poison Magic
  4079 | D:4      | Reached XP level 6. HP: 45/49 MP: 4/12
  4271 | D:4      | Found an iron altar of Okawaru.
  4320 | D:4      | Found an oddly glowing altar of Pakellas.
  4467 | D:4      | Reached skill level 3 in Conjurations
  4568 | D:5      | Entered Level 5 of the Dungeon
  4587 | D:5      | Reached skill level 4 in Conjurations
  4627 | D:5      | Noticed Menkaure
  4646 | D:5      | Killed Menkaure
  4646 | D:5      | Reached skill level 5 in Conjurations
  4646 | D:5      | Reached XP level 7. HP: 55/55 MP: 13/13
  4814 | D:5      | Noticed SaltyNutz's ghost (weakling DsGl)
  4947 | D:6      | Learned a level 5 spell: Venom Bolt
  4961 | D:6      | Noticed Grinder
  4968 | D:6      | Reached skill level 6 in Conjurations
  4968 | D:6      | Paralysed by Grinder for 6 turns
  4978 | D:6      | Killed Grinder
  4978 | D:6      | Reached skill level 7 in Conjurations
  4978 | D:6      | Reached XP level 8. HP: 41/62 MP: 10/14
  5096 | D:6      | Found an opulent altar of Gozag.
  5097 | D:6      | Found a sparkling altar of Nemelex Xobeh.
  5169 | D:6      | Identified a scroll of acquirement
  5264 | D:6      | Reached skill level 8 in Conjurations
  5657 | D:6      | Found Engas's Food Boutique.
  5665 | D:6      | Reached skill level 9 in Conjurations
  5763 | D:5      | HP: 24/62 [centaur (6)]
  5960 | D:5      | HP: 23/62 [ice beast (6)]
  5962 | D:5      | HP: 8/62 [ice beast (11)]
  5963 | D:5      | HP: 3/62 [ice beast (9)]
  6298 | D:5      | Found a runed door.
  6378 | D:5      | Killed SaltyNutz's ghost
  6475 | D:5      | Reached XP level 9. HP: 68/68 MP: 3/15
  6956 | D:6      | Reached skill level 10 in Conjurations
  7145 | D:7      | Found a staircase to the Ecumenical Temple.
  7148 | Temple   | Entered the Ecumenical Temple
  7332 | Temple   | Became a worshipper of Sif Muna the Loreminder
  7533 | D:7      | Found Jutteot's Food Boutique.
  7534 | D:7      | Noticed Pikel
  7540 | D:7      | Noticed Joseph
  7561 | D:7      | Killed Pikel
  7561 | D:7      | Reached skill level 11 in Conjurations
  7568 | D:7      | HP: 26/68 [goblin/hand axe (6)]
  7585 | D:7      | Killed Joseph
  7585 | D:7      | Reached * piety under Sif Muna
  7603 | D:7      | HP: 24/68 [phantom (5)]
  7611 | D:7      | HP: 25/68 [phantom (1)]
  7621 | D:7      | HP: 14/68 [crimson imp (1)]
  7637 | D:7      | HP: 1/68 [orc priest/divine providence (15)]
  7640 | D:7      | Slain by a phantom

Vault maps used:
D:1:      dpeg_arrival_connections
D:2:      overflow_temple_1_default, marbit_many_paths
D:3:      wad_river_or_something, first_bread
D:4:      lemuel_round_altar, grunt_pakellas_sulfur
D:5:      uniq_menkaure, uniq_crazy_yiuf_cottage
D:6:      grunt_temple_overflow_opulence, serial_shops, shop, solitary_fountain,
          uniq_grinder
D:7:      enter_bailey_3, serial_shops, shop, lemuel_tele_altar, uniq_joseph,
          uniq_pikel
Temple:   kb_temple_of_zot

Skill      XL: |  1  2  3  4  5  6  7  8  9 |
---------------+----------------------------+-----
Spellcasting   | 3 4 |  4.2
Conjurations   | 1 2 5 7 9 11 | 11.7
Poison Magic   | 6 |  6.4
Dodging        | |  1.5
Stealth        | |  3.0

Action                   |  1- 3 |  4- 6 |  7- 9 || total
-------------------------+-------+-------+-------++-------
Melee: Unarmed           |    18 |       |       ||    18
       Dagger            |    11 |       |       ||    11
       Whip              |    11 |     2 |       ||    13
       Trident           |       |    18 |       ||    18
       Morningstar       |       |    23 |   183 ||   206
       Staff             |       |       |    37 ||    37
 Cast: Sting             |    76 |    69 |    29 ||   174
       Mephitic Cloud    |     3 |     2 |     6 ||    11
       Olgreb's Toxic Ra |       |     2 |    11 ||    13
       Venom Bolt        |       |       |    16 ||    16
 Abil: Spit Poison       |     8 |     1 |       ||     9
Evoke: Wand              |       |       |     2 ||     2
  Use: Scroll            |     8 |     5 |     4 ||    17
       Potion            |       |     2 |     7 ||     9
 Stab: Confused          |     1 |       |     2 ||     3
       Distracted        |       |     1 |       ||     1
       Sleeping          |       |       |     3 ||     3
  Eat: Chunk             |     4 |     7 |     6 ||    17
       Pizza             |       |       |     1 ||     1
       Beef jerky        |       |       |     1 ||     1
       Meat ration       |       |       |     2 ||     2
Armor: Robe              |    11 |    12 |   101 ||   124
       Skin              |       |     6 |    12 ||    18
Dodge: Dodged            |    45 |    19 |   148 ||   212

Table legend:
 A = Kills in this place as a percentage of kills in entire the game.
 B = Kills by you in this place as a percentage of kills by you in the entire game.
 C = Kills by friends in this place as a percentage of kills by friends in the entire game.
 D = Other kills in this place as a percentage of other kills in the entire game.
 E = Experience gained in this place as a percentage of experience gained in the entire game.
 F = Experience gained in this place divided by the number of levels of this place that you have seen.
                   A       B       C       D       E      F
               +-------+-------+-------+-------+-------+----------------------
         Total | 100.0 | 100.0 |  -nan | 100.0 | 100.0 | 492.4
       Dungeon |  99.4 |  99.4 |  -nan | 100.0 |  98.6 | 554.6
        Temple |   0.6 |   0.6 |  -nan |   0.0 |   1.4 |  57.0
               +-------+-------+-------+-------+-------+----------------------

Table legend:
 A = Turns spent in this place as a percentage of turns spent in the entire game.
 B = Non-inter-level travel turns spent in this place as a percentage of non-inter-level travel turns spent in the entire game.
 C = Inter-level travel turns spent in this place as a percentage of turns spent in this place.
 D = Turns resting spent in this place as a percentage of non-inter-level travel turns spent in this place.
 E = Turns spent auto-exploring this place as a percentage of non-inter-level travel turns spent in this place.
 F = Non-inter-level travel turns spent in this place divided by the number of levels of this place that you've seen.
                   A       B       C       D       E      F
               +-------+-------+-------+-------+-------+----------------------
         Total | 100.0 | 100.0 |   0.4 |   5.0 |   7.7 | 321.2
       Dungeon |  98.3 |  98.3 |   0.4 |   4.9 |   7.7 | 360.9
        Temple |   1.7 |   1.7 |   2.2 |   9.1 |   6.8 |  44.0
               +-------+-------+-------+-------+-------+----------------------

Vault maps used:
D:1:      dpeg_arrival_connections
D:2:      overflow_temple_1_default, marbit_many_paths
D:3:      wad_river_or_something, first_bread
D:4:      lemuel_round_altar, grunt_pakellas_sulfur
D:5:      uniq_menkaure, uniq_crazy_yiuf_cottage
D:6:      grunt_temple_overflow_opulence, serial_shops, shop, solitary_fountain,
          uniq_grinder
D:7:      enter_bailey_3, serial_shops, shop, lemuel_tele_altar, uniq_joseph,
          uniq_pikel
Temple:   kb_temple_of_zot
